 Dungeon Crawl Stone Soup version 0.31.0-32-g396128a36d (webtiles) character file.

Game seed: 4465309863887842357

205 cdecastro the Cudgeller (level 5, -3/41 HPs)
             Began as an Armataur Warper on Mar 14, 2024.
             Was a Follower of Elyvilon.
             Slain by a gnoll bouda
             ... wielding a +0 rapier
              (5 damage)
             ... on level 3 of the Dungeon.
             The game lasted 00:04:13 (3095 turns).

cdecastro the Cudgeller (Armataur Warper)           Turns: 3095, Time: 00:04:13

Health: -3/41      AC:  5    Str: 17    XL:     5   Next: 52%
Magic:  5/7        EV:  9    Int: 15    God:    Elyvilon [*.....]
Gold:   97         SH:  0    Dex:  9    Spells: 7/7 levels left

rFire   . . .        b - +3 sling
rCold   . . .        (no shield)
rNeg    . . .        t - +0 leather armour
rPois   .            (no helmet)
rElec   .            (no cloak)
rCorr   .            o - +0 pair of gloves
SInv    .            (no barding)
Will    .....        (no amulet)
Stlth   +            (no ring)
HPRegen 0.26/turn    (no ring)
MPRegen 0.10/turn

%: roll
@: no status effects
A: large, deformed body, tough skin 3, armoured tail, roll 1
a: Renounce Religion, Purification


You were on level 3 of the Dungeon.
You worshipped Elyvilon.
Elyvilon was aware of your devotion.
You visited 1 branch of the dungeon, and saw 3 of its levels.

You collected 97 gold pieces.

Inventory:

Hand Weapons
 a - a +0 mace
 b - a +3 sling (weapon)
 r - a +2 dagger of speed
Missiles
 d - 6 darts of dispersal
 q - 2 boomerangs
Armour
 n - a +0 ring mail
 o - a +0 pair of gloves (worn)
 t - a +0 leather armour (worn)
Magical Staves
 s - a staff of earth
Scrolls
 c - a scroll of blinking
 f - 2 scrolls of revelation {unknown}
 h - 2 scrolls of enchant armour {unknown}
 k - 2 scrolls of identify {unknown}
 l - a scroll of teleportation {unknown}
Potions
 e - a potion of heal wounds {unknown}
 g - a potion of ambrosia {unknown}
 i - a potion of degeneration {unknown}
 j - 3 potions of attraction {unknown}
 m - a potion of brilliance {unknown}
 p - a potion of curing {unknown}


   Skills:
 - Level 1.7 Fighting
 * Level 4.4 Maces & Flails
 - Level 0.8 Throwing
 - Level 1.2 Armour
 - Level 1.3 Dodging
 - Level 1.7 Spellcasting
 + Level 4.3 Translocations


You had 7 spell levels left.
You didn't know any spells.
Your spell library contained the following spells:

 Spells                   Type           Power      Damage    Failure   Level
 Blink                    Tloc           28%        N/A       7%          2
 Lesser Beckoning         Tloc           28%        N/A       7%          2
 Teleport Other           Tloc           14%        N/A       14%         3
 Manifold Assault         Tloc           14%        N/A       41%         4
 Vhi's Electric Charge    Tloc/Air       14%        N/A       73%         4


Dungeon Overview and Level Annotations

Branches:
Dungeon (3/15)

Altars:
Elyvilon


Innate Abilities, Weirdness & Mutations

Armour fits poorly on your strangely shaped body.
You have extremely tough skin. (AC +3)
You have a long armoured tail.
You regenerate magic when rolling toward enemies. (Rampage MPRegen)


Message History

You are too injured to fight recklessly!
You are too injured to fight recklessly!
You shoot a sling bullet. The sling bullet hits the gnoll bouda.
The gnoll bouda is heavily wounded.
The gnoll bouda hits you with a +0 rapier.
The gnoll bouda barely misses you.
You shoot a sling bullet. The sling bullet hits the gnoll bouda!
The gnoll bouda is almost dead.
The gnoll bouda hits you with a +0 rapier!
* * * LOW HITPOINT WARNING * * *
You shoot a sling bullet.
The sling bullet closely misses the gnoll bouda.
The gnoll bouda barely misses you.
The gnoll bouda mumbles some strange prayers to its god.
The gnoll bouda is healed somewhat.
You shoot a sling bullet.
The sling bullet hits the gnoll bouda but does no damage.
The gnoll bouda is severely wounded.
The gnoll bouda hits you with a +0 rapier.
* * * LOW HITPOINT WARNING * * *
You shoot a sling bullet.
The sling bullet barely misses the gnoll bouda.
The gnoll bouda hits you with a +0 rapier.
* * * LOW HITPOINT WARNING * * *
You shoot a sling bullet. The sling bullet hits the gnoll bouda.
The gnoll bouda is severely wounded.
The gnoll bouda closely misses you.
The gnoll bouda gazes fiercely through you!
You feel your attacks grow feeble.
The gnoll bouda hits you with a +0 rapier.
* * * LOW HITPOINT WARNING * * *
You feel purified! The gnoll bouda closely misses you.
Unknown command.
You shoot a sling bullet.
The sling bullet barely misses the gnoll bouda.
The gnoll bouda closely misses you.
You shoot a sling bullet.
The sling bullet completely misses the gnoll bouda.
The gnoll bouda hits you with a +0 rapier.
You die...

.... .†# #+# +##†##
#..##..#.##
#.).##.#..#
#...##.### #..#..#
####### ##+##g##+##
.....># #...@.....#
#####.# #.8..8..8.#
###.#######.....†...#
#.........#####'#####
#...........††..#
#.........#######
#.........#
#.........#
#.........#


You could see a gnoll bouda.

Vanquished Creatures
  A sleepcap (D:3)
  An orc wizard (D:3)
  6 adders
  2 dart slugs
  A ribbon worm (D:3)
  7 orcs
  4 endoplasms
  3 giant cockroaches (D:3)
  7 goblins
  8 hobgoblins
  5 jackals
  6 kobolds
  3 quokkas (D:3)
  7 ball pythons
  10 bats
  4 frilled lizards
  5 rats
80 creatures vanquished.

Notes
Turn   | Place    | Note
-------+----------+-------------------------------------------
     0 | D:1      | cdecastro the Armataur Warper began the quest for the Orb.
     0 | D:1      | Reached XP level 1. HP: 17/17 MP: 3/3
    59 | D:1      | Reached XP level 2. HP: 18/24 MP: 4/4
   959 | D:2      | Reached XP level 3. HP: 29/29 MP: 5/5
  1258 | D:2      | Found a faded altar of an unknown god.
  1427 | D:2      | Reached XP level 4. HP: 36/36 MP: 6/6
  1966 | D:2      | Prayed at the altar of an unknown god.
  1966 | D:2      | Became a worshipper of Elyvilon the Healer
  1966 | D:2      | Reached * piety under Elyvilon
  2518 | D:3      | Reached XP level 5. HP: 11/41 MP: 7/7
  2521 | D:3      | Elyvilon protects you from harm!
  3092 | D:3      | HP: 1/41 [gnoll bouda/+0 rapier (5)]
  3095 | D:3      | Slain by a gnoll bouda

Illustrated notes

Levels and vault maps discovered:
D:1:      scummos_arrival_simple_crosswalls, layout_basic
D:2:      layout_basic, hellmonk_ecumenical_altar_zigzags, minmay_pentomino_w2
D:3:      minmay_chambers_of_threes, layout_basic, gammafunk_ghost_smash,
          hellmonk_no_cap

Skill      XL: |  1  2  3  4 |
---------------+-------------+-----
Maces & Flails | 2 3 4 |  4.4
Translocations | 4 |  4.3
Fighting       | |  1.7
Throwing       | |  0.8
Armour         | |  1.2
Dodging        | |  1.3
Spellcasting   | |  1.7

Action                     |  1- 3 |  4- 6 || total
---------------------------+-------+-------++-------
  Melee: Mace              |    88 |    95 ||   183
         Tailslap          |     8 |    11 ||    19
         Punch             |       |     1 ||     1
   Fire: Sling             |       |    55 ||    55
  Throw: Dart              |       |     1 ||     1
 Invoke: Purification      |       |     1 ||     1
   Stab: Sleeping          |     1 |       ||     1
 Armour: Leather armour    |    62 |   120 ||   182
  Dodge: Dodged            |    45 |    65 ||   110
